 Dungeon Crawl Stone Soup version 0.28-a0-1182-g381e24db82 (webtiles) character file.

Game seed: 3726539106858030532

32 ChaosChampion the Insei (level 3, 0/23 HPs)
             Began as an Octopode Transmuter on Dec 17, 2021.
             Succumbed to an adder's poison
             ... on level 2 of the Dungeon.
             The game lasted 00:02:49 (1357 turns).

ChaosChampion the Insei (Octopode Transmuter)       Turns: 1357, Time: 00:02:50

Health: 0/23       AC:  2    Str:  9    XL:     3   Next: 27%
Magic:  4/6        EV: 19    Int: 17    God:
Gold:   61         SH:  0    Dex: 17    Spells: 0/6 levels left

rFire   . . .      SeeInvis .     - Unarmed
rCold   . . .      Faith    .   (shield currently unavailable)
rNeg    . . .      Spirit   .   (helmet currently unavailable)
rPois   x          Reflect  .   (no amulet)
rElec   .          Harm     .   e - ring of resist corrosion
rCorr   +          Rampage  .   (no ring)
Will    .....                   (no ring)
Stlth   ++........              (no ring)
HPRegen 0.07/turn               (no ring)
MPRegen 0.10/turn               (no ring)
                                (no ring)
                                (no ring)

@: lethally poisoned (0 -> -10), spider-form (expiring)
A: venomous fangs, almost no armour, (amphibious), 8 rings, tiny, (camouflage
1), (gelatinous body 1), (nimble swimmer 1), (tentacles), deterioration 1,
(poison resistance)
a: End Transformation


You were on level 2 of the Dungeon.
You were a venomous arachnid creature.
You visited 1 branch of the dungeon, and saw 2 of its levels.

You collected 61 gold pieces.

Inventory:

Jewellery
 e - a ring of resist corrosion (left front leg)
Scrolls
 a - 2 scrolls of identify {unknown}
 d - a scroll of enchant weapon {unknown}
 f - a scroll of fear {unknown}
 g - a scroll of amnesia {unknown}
Potions
 c - a potion of flight {unknown}


   Skills:
 - Level 1.0 Fighting
 - Level 2.0 Dodging
 + Level 3.8 Unarmed Combat
 * Level 2.1 Spellcasting
 + Level 2.5 Transmutations
 * Level 0.4 Poison Magic


You couldn't memorise any spells.
You knew the following spells:

 Your Spells              Type           Power      Damage    Failure   Level
a - Beastly Appendage     Tmut           20%        N/A       19%         1
b - Wereblood             Tmut           10%        N/A       26%         2
c - Spider Form           Tmut/Pois      6%         N/A       52%         3

Your spell library contained the following spells:

 Spells                   Type           Power      Damage    Failure   Level
 Ice Form                 Ice/Tmut       6%         N/A       89%         4


Dungeon Overview and Level Annotations

Branches:
Dungeon (2/15)

Altars:


Innate Abilities, Weirdness & Mutations

You are a venomous arachnid creature.
You have poisonous fangs.
You are tiny and dextrous.
Your spellcasting is less reliable in this form.
Your armour is entirely melded.
You are incapable of wielding weapons or throwing items.
You cannot wear most types of armour.
((You are amphibious.))
You can wear up to eight rings at the same time.
((Your skin changes colour to match your surroundings (Stealth+).))
((Your rubbery body absorbs attacks. (AC +1, EV +1)))
((You are camouflaged near water. (Stealth+)))
((You have tentacles for arms and can constrict up to eight enemies at once.))
Your body sometimes deteriorates upon taking damage.
((Your system is resistant to poisons. (rPois)))


Message History

Your tentacle spike disappears.
Magic restored.
HP restored.
An adder is nearby!
An adder is nearby!
An adder is nearby!
Casting: Beastly Appendage (safe; 7% risk of failure)
Confirm with . or Enter, or press ? or * to list all spells.
The spell is extremely dangerous to miscast (34% risk of failure)!
Continue anyway?
You turn into a venomous arachnid creature.
The adder hisses angrily.
The adder completely misses you. The adder bites you.
You are poisoned.
The adder poisons you!
You hit the adder.
The adder is poisoned.
The adder is lightly wounded.
You feel very sick. The adder closely misses you.
You closely miss the adder.
The adder is lightly wounded.
Your transformation is almost over.
You feel sick. The adder bites you.
You hit the adder but do no damage.
The adder looks as sick as possible!
The adder is moderately wounded.
You feel sick. The adder barely misses you.
You hit the adder.
The adder looks as sick as possible!
The adder is heavily wounded.
You feel sick. The adder bites you.
You are lethally poisoned!
The adder poisons you!
* * * LOW HITPOINT WARNING * * *
You feel very sick. The adder barely misses you.
* * * LOW HITPOINT WARNING * * *
You feel very sick.
You kill the adder!
Okay, then.
It was a potion of mutation.
You feel extremely strange.
You feel yourself wasting away.
You feel resistant to poisons.
You die...

#.#.... #.#.....
..8..♣..∩. #.....
..........
.....###..........
............(.....
.......... .......
#....... .......
#......###........
#.....s#<.........
#......#..........
#.....†#........##.
#.................
........#.....##.# ##
......?.#........# ...
........#......####.###
....###.#.............#
........####.#........#


There were no monsters in sight!

Vanquished Creatures
  An adder (D:2)
  2 dart slugs (D:1)
  3 endoplasms (D:1)
  2 hobgoblins
  3 jackals (D:1)
  A quokka (D:2)
  2 ball pythons
  2 bats
  A frilled lizard (D:1)
  2 kobolds (D:1)
19 creatures vanquished.

Notes
Turn   | Place    | Note
-------+----------+-------------------------------------------
     0 | D:1      | ChaosChampion the Octopode Transmuter began the quest for
                  | the Orb.
     0 | D:1      | Reached XP level 1. HP: 13/13 MP: 3/3
   407 | D:1      | Reached XP level 2. HP: 18/18 MP: 3/5
   412 | D:1      | Learned a level 2 spell: Wereblood
  1201 | D:2      | Found a faded altar of an unknown god.
  1295 | D:2      | Reached XP level 3. HP: 19/23 MP: 4/6
  1299 | D:2      | Learned a level 3 spell: Spider Form
  1357 | D:2      | Gained mutation: Your body sometimes deteriorates upon
                  | taking damage. [potion of mutation]
  1357 | D:2      | Gained mutation: Your system is resistant to poisons.
                  | (rPois) [potion of mutation]
  1357 | D:2      | Succumbed to an adder's poison

Illustrated notes

Levels and vault maps discovered:
D:1:      heliophobic_arrival_battle_scene, layout_basic
D:2:      minmay_roachtagon, layout_basic,
          hellmonk_ecumenical_altar_arch_garden, serial_shops,
          nicolae_shop_waterfront, kennysheep_generic_room_7

Action                   || total
-------------------------++-------
Melee: Unarmed           ||    43
       Kick              ||    12
       Tentacles         ||     6
       Constrict         ||     7
 Cast: Beastly Appendage ||     9
       Wereblood         ||     1
       Spider Form       ||     1
  Use: Potion            ||     1
 Stab: Sleeping          ||     3
Dodge: Dodged            ||    22

Table legend: (Time is in decaauts)
 A = Elapsed time spent in this place.
 B = Non-inter-level travel time spent in this place.
 C = Inter-level travel time spent in this place.
 D = Time resting spent in this place.
 E = Time spent auto-exploring this place.
 F = Levels seen in this place.
 G = Mean time per level.
                   A        B        C        D        E       F      G
               +--------+--------+--------+--------+--------+-----+--------+
         Total |   1354 |   1344 |     10 |    314 |    845 |   2 |  677.0 |
       Dungeon |   1354 |   1344 |     10 |    314 |    845 |   2 |  677.0 |
               +--------+--------+--------+--------+--------+-----+--------+

Top non-repeatable levels by time:
     D:1: 1230 daAuts
     D:2: 123 daAuts
